 Dungeon Crawl Stone Soup version 0.28.0-53-g5a82cb258f (webtiles) character file.

Game seed: 11242813129502910036

9 Linklo the Skirmisher (level 2, -11/27 HPs)
             Began as a Hill Orc Fighter on May 23, 2022.
             Killed by an exploding hobgoblin (36 damage)
             ... ignited by their inner flame
             ... on level 1 of the Dungeon.
             The game lasted 00:09:06 (327 turns).

Linklo the Skirmisher (Hill Orc Fighter)             Turns: 327, Time: 00:09:06

Health: -11/27     AC:  6    Str: 18    XL:     2   Next: 12%
Magic:  2/2        EV:  9    Int:  8    God:
Gold:   7          SH:  4    Dex: 10    Spells: 1/1 levels left

rFire   . . .      SeeInvis .   a - +0 war axe
rCold   . . .      Faith    .   c - +0 buckler
rNeg    . . .      Spirit   .   b - +0 scale mail
rPois   .          Reflect  .   (no helmet)
rElec   .          Harm     .   (no cloak)
rCorr   .          Rampage  .   (no gloves)
Will    .....                   (no boots)
Stlth   ..........              (no amulet)
HPRegen 0.09/turn               (no ring)
MPRegen 0.08/turn               (no ring)

@: mighty
A: no striking features
a: no special abilities


You were on level 1 of the Dungeon.
You visited 1 branch of the dungeon, and saw 1 of its levels.

You collected 7 gold pieces.

Inventory:

Hand Weapons
 a - a +0 war axe (weapon)
Missiles
 g - 4 poisoned darts (quivered)
Armour
 b - a +0 scale mail (worn)
 c - a +0 buckler (worn)
Scrolls
 e - 3 scrolls of identify {unknown}


   Skills:
 + Level 3.8 Fighting
 + Level 2.9 Axes
 + Level 3.4 Armour
 + Level 3.4 Shields
 * Level 0.2 Spellcasting


You had one spell level left.
You didn't know any spells.
Your spell library contained the following spells:

 Spells                   Type           Power      Damage    Failure   Level
 Ensorcelled Hibernation  Hex/Ice        0%         N/A       95%         2
 Passwall                 Tmut/Erth      0%         N/A       95%         2
 Frozen Ramparts          Ice            0%         1d2       99%         3
 Swiftness                Air            0%         N/A       99%         3
 Ice Form                 Ice/Tmut       0%         N/A       100%        4
 Summon Ice Beast         Ice/Summ       0%         N/A       100%        4


Dungeon Overview and Level Annotations

Branches:
Dungeon (1/15)

Altars:


Message History

Sorry, you're not good enough to have a special ability.
Unknown command.
Found 4 poisoned darts.
You see here 4 poisoned darts.
A goblin comes into view. It is wielding a +0 club.
The goblin shouts!
You see here 4 poisoned darts.
g - 4 poisoned darts A goblin is nearby!
Okay, then.
Okay, then.
You slash the goblin!
You kill the goblin!
A bat comes into view.
The bat barely misses you.
You hit the bat.
You kill the bat!
Okay, then.
There is a large open door here.
There is a large open door here.
There is a large open door here.
There is a large open door here.
You open the large door.
There is a large open door here.
A hobgoblin comes into view.
There is a large open door here.
You feel very mighty all of a sudden.
You don't know any spells.
Unknown command.
As you read the scroll labelled FOAHEO GEIXZAM, it crumbles to dust.
The creatures around you are filled with an inner flame!
It was a scroll of immolation.
You closely miss the hobgoblin. You block the hobgoblin's attack.
The hobgoblin barely misses you.
You completely miss the hobgoblin. The hobgoblin hits you.
You slash the hobgoblin!
The hobgoblin explodes!
The fiery explosion engulfs you!!!
Ouch! That really hurt!
You die...

#≈#.##...≈♣≈...##.#≈#
♣8.''...♣8♣...''.8♣
#≈#.##...≈♣≈...##.#≈#
###.8#.........#8.###
#.##♣.......♣##.# #+#
♣≈.....≈♣ #+#
#♣##'##♣#
...###8#§#8###
...'...@.....+
...##8##§##8## #≈ #'#
≈# # #'# # ≈.≈ #.#
#.. ##


There were no monsters in sight!

Vanquished Creatures
  2 endoplasms (D:1)
  3 hobgoblins (D:1)
  A kobold (D:1)
  A bat (D:1)
  A frilled lizard (D:1)
  A goblin (D:1)
9 creatures vanquished.

Notes
Turn   | Place    | Note
-------+----------+-------------------------------------------
     0 | D:1      | Linklo the Hill Orc Fighter began the quest for the Orb.
     0 | D:1      | Reached XP level 1. HP: 19/19 MP: 1/1
   174 | D:1      | Reached XP level 2. HP: 27/27 MP: 2/2
   327 | D:1      | Killed by an exploding hobgoblin... ignited by their inner
                  | flame

Illustrated notes

Levels and vault maps discovered:
D:1:      saegor_arrival_fortress, layout_loops_ring,
          ebering_ecumenical_altar_hall, minmay_heptomino_l4

Action                   || total
-------------------------++-------
Melee: War axe           ||    15
  Use: Scroll            ||     1
       Potion            ||     1
Armor: Scale mail        ||     2
Dodge: Dodged            ||     4
Block: Buckler           ||     1
